 Dungeon Crawl Stone Soup version 0.22.1-1-ga44c0e56f4 (webtiles) character file.

91 LLavrengius the Insei (level 4, -3/29 HPs)
             Began as an Octopode Transmuter on Nov 6, 2018.
             Killed from afar by Sigmund (9 damage)
             ... with a puff of flame
             ... on level 2 of the Dungeon.
             The game lasted 00:05:22 (2250 turns).

LLavrengius the Insei (Octopode Transmuter)         Turns: 2250, Time: 00:05:23

Health: -3/29      AC:  2    Str:  9    XL:     4   Next: 59%
Magic:  6/7        EV: 19    Int: 16    God:
Gold:   67         SH:  0    Dex: 17    Spells: 1/7 levels left

rFire    . . .     SeeInvis .     - Unarmed
rCold    . . .     Gourm    .   (shield currently unavailable)
rNeg     . . .     Faith    .   (helmet currently unavailable)
rPois    x         Spirit   .   (no amulet)
rElec    .         Reflect  .   (no ring)
rCorr    .         Harm     .   (no ring)
MR       .....                  (no ring)
Stlth    +.........             (no ring)
HPRegen  0.09/turn              (no ring)
MPRegen  0.10/turn              (no ring)
                                (no ring)
                                (no ring)

@: confused, spider-form (expiring)
A: tiny, almost no armour, stealthy swim, (amphibious), 8 rings, (constrict 8)
a: End Transformation


You were on level 2 of the Dungeon.
You were hungry.
You were a venomous arachnid creature.
You visited 1 branch of the dungeon, and saw 2 of its levels.

You collected 67 gold pieces.

Inventory:

Hand Weapons
 s - a +2 dagger of venom (melded)
Missiles
 a - 36 arrows
 d - 44 stones (quivered)
Armour
 n - a +0 shield
Jewellery
 m - an uncursed amulet of harm {unknown}
Scrolls
 b - 3 scrolls of enchant weapon {unknown}
 g - a scroll of remove curse {unknown}
 h - a scroll of teleportation {unknown}
 i - a scroll of blinking {unknown}
 k - 2 scrolls of identify {unknown}
 p - 3 scrolls of amnesia {unknown}
 r - a scroll of enchant armour {unknown}
Potions
 e - 2 potions of flight {unknown}
 f - a potion of curing {unknown}
 j - a potion of might
 l - a potion of lignification {unknown}
 o - a potion of heal wounds {unknown}
Comestibles
 c - 5 rations


   Skills:
 + Level 2.1 Fighting
 - Level 2.0 Dodging
 + Level 3.5 Unarmed Combat
 - Level 2.0 Spellcasting
 * Level 3.4 Transmutations
 * Level 1.3 Poison Magic


You had one spell level left.
You knew the following spells:

 Your Spells              Type           Power        Failure   Level  Hunger
a - Beastly Appendage     Tmut           ##....       16%         1    #......
b - Sticks to Snakes      Tmut           ##......     21%         2    ###....
c - Spider Form           Tmut/Pois      #.........   45%         3    ###....

Your spell library contained the following spells:

 Spells                   Type           Power        Failure   Level  Hunger
 Ice Form                 Ice/Tmut       #.......     87%         4    #####..
 Blade Hands              Tmut           ##........   93%         5    ######.


Dungeon Overview and Level Annotations

Branches:
Dungeon (2/15)

Altars:
Gozag
Qazlal
Wu Jian

Annotations:
D:2 Sigmund


Innate Abilities, Weirdness & Mutations

You cannot wear most types of armour.
You are very stealthy in the water. (Stealth+)
((You are amphibious.))
You can wear up to eight rings at the same time.
((You can use your tentacles to constrict eight enemies at once.))
((Your skin changes colour to match your surroundings (Stealth+).))
((Your rubbery body absorbs attacks. (AC +1, EV +1)))


Message History

The bat barely misses you. The bat misses you.
Sigmund mumbles some strange words.
Sigmund flickers and vanishes!
Deactivating autopickup; reactivate with Ctrl-A.
Something barely misses you. The bat closely misses you. The bat misses you.
The bat hits you but does no damage.
Your transformation is almost over.
You are confused.
A magic dart appears from out of thin air!
The magic dart hits you!
You are more confused.
You bump into the rock wall.
A magic dart appears from out of thin air!
The magic dart hits you!
* * * LOW HITPOINT WARNING * * *
You bump into the rock wall.
A puff of flame appears from out of thin air!
The puff of flame hits you!
You die...

#.#...######## #.....########
#..##.#......## #.....#
##.##.........## #.....#
#.............## #.....#
####...........## #.....#
#............# #..{..# ###
#..........### #####.###
..###..........#########...##
#...............s...{b......#
#####..........##############
#..........# #..........#
#..........# #..>.......#
##........## ##......##
########


You could see a bat.

Vanquished Creatures
  Jessica (D:2)
  2 oozes (D:1)
  2 worms (D:2)
  A dart slug (D:2)
  7 bats
  A giant cockroach (D:1)
  4 hobgoblins
  9 jackals
  3 kobolds
  A ball python (D:1)
  5 frilled lizards (D:1)
  7 goblins
  4 rats
47 creatures vanquished.

Notes
Turn   | Place    | Note
-------+----------+-------------------------------------------
     0 | D:1      | LLavrengius the Octopode Transmuter began the quest for the
                  | Orb.
     0 | D:1      | Reached XP level 1. HP: 13/13 MP: 3/3
   126 | D:1      | Reached XP level 2. HP: 13/18 MP: 5/5
   412 | D:1      | Reached XP level 3. HP: 7/23 MP: 4/6
   693 | D:1      | Learned a level 2 spell: Sticks to Snakes
   697 | D:1      | Learned a level 3 spell: Spider Form
  1029 | D:2      | Noticed Jessica
  1096 | D:2      | Killed Jessica
  1096 | D:2      | Reached XP level 4. HP: 29/29 MP: 3/7
  1099 | D:2      | Reached skill level 1 in Poison Magic
  1558 | D:2      | Found a stormy altar of Qazlal.
  1558 | D:2      | Found an opulent altar of Gozag.
  1561 | D:2      | Found an ornate altar of the Wu Jian Council.
  2227 | D:2      | Noticed Sigmund
  2250 | D:2      | Killed from afar by Sigmund

Skill      XL: |  1  2  3  4 |
---------------+-------------+-----
Transmutations | 3 |  3.4
Fighting       | 2 |  2.1
Poison Magic   | 1 |  1.3
Dodging        | |  2.0
Unarmed Combat | |  3.5
Spellcasting   | |  2.0

Action                   |  1- 3 |  4- 6 || total
-------------------------+-------+-------++-------
Melee: Unarmed           |    58 |    44 ||   102
       Constrict         |    15 |    10 ||    25
       Tentacles         |     7 |     9 ||    16
       Kick              |     4 |     7 ||    11
       Dagger            |       |    10 ||    10
Throw: Stone             |     1 |       ||     1
 Cast: Beastly Appendage |     4 |     3 ||     7
       Spider Form       |     1 |     3 ||     4
 Stab: Sleeping          |     7 |     3 ||    10
  Eat: Chunk             |     1 |     3 ||     4
Armor: Skin              |     9 |     5 ||    14
Dodge: Dodged            |    44 |    40 ||    84
